Map: Écho EC

Players

AgCl

  • Race: Protoss Protoss

Mermich - Winner!

  • Race: Zerg Zerg

VOD

Have the link to the VOD?

Description

Time

  • Played on: May 16, 2015, 6:20 p.m.
  • Length: 9:29
Show
View Real Time Build Order
Export as new Build Order

AgCl Protoss 

Build Orders:  

Get SALT Encoding   

  12  0:12  Pylon  
  12  0:18  Probe  
  13  0:22  Assimilator  
  13  0:31  Probe  
  14  0:48  Forge  
  14  0:49  Probe  
  15  1:01  Probe  
  16  1:13  Probe  
  16  1:15  Gateway  
  17  1:25  Probe  
  18  1:26  Photon Cannon  
  18  1:31  Pylon  
  19  1:42  Pylon  
  19  1:43  Probe (Chrono Boost)  
  19  1:53  Probe (Chrono Boost)  
  20  2:03  Zealot (Chrono Boost)  
  22  2:08  Photon Cannon  
  22  2:18  Photon Cannon  
  21  2:39  Probe (Chrono Boost)  
  22  2:49  Probe (Chrono Boost)  
  22  2:59  Pylon  
  23  3:05  Probe (Chrono Boost)  
  24  3:18  Photon Cannon  
  23  3:21  Pylon  
  23  3:27  Pylon  
  23  3:36  Photon Cannon  
  23  3:40  Probe  
  24  3:46  Photon Cannon  
  24  3:50  Photon Cannon  
  24  3:57  Pylon  
  24  4:06  Probe (Chrono Boost)  
  24  4:09  Cybernetics Core  
  25  4:15  Assimilator  
  26  4:18  Probe (Chrono Boost)  
  25  4:24  Probe (Chrono Boost)  
  26  4:38  Probe, Nexus  
  27  4:48  Stargate  
  27  4:51  Warp Gate (Chrono Boost)  
  27  4:56  Probe (Chrono Boost)  
  28  5:05  Probe (Chrono Boost)  
  29  5:13  Probe  
  30  5:16  Protoss Ground Weapons Level 1 (Chrono Boost)  
  30  5:25  Probe  
  31  5:31  Twilight Council  
  31  5:35  Void Ray (Chrono Boost)  
  35  5:38  Probe  
  36  5:51  Probe (Chrono Boost)  
  36  5:56  Probe (Chrono Boost)  
  38  6:01  Probe (Chrono Boost)  
  38  6:05  Probe  
  38  6:08  Probe  
  38  6:10  Assimilator  
  38  6:11  Oracle (Chrono Boost)  
  43  6:12  Assimilator  
  43  6:20  Gateway  
  43  6:21  Gateway  
  43  6:28  Probe (Chrono Boost)  
  43  6:30  Probe (Chrono Boost)  
  46  6:42  Probe (Chrono Boost)  
  46  6:45  Probe (Chrono Boost)  
  47  6:49  Probe (Chrono Boost)  
  47  6:51  Probe  
  47  6:59  Probe  
  48  7:03  Probe  
  49  7:11  Probe (Chrono Boost)  
  51  7:20  Probe (Chrono Boost)  
  52  7:23  Probe (Chrono Boost), Charge (Chrono Boost)  
  54  7:30  Probe (Chrono Boost)  
  54  7:31  Dark Shrine  
  54  7:34  Probe (Chrono Boost), Pylon  
  54  7:36  Fleet Beacon  
  55  7:39  Probe (Chrono Boost)  
  55  7:43  Probe (Chrono Boost)  
  56  7:45  Probe (Chrono Boost)  
  56  7:50  Carrier (Chrono Boost)  
  57  7:53  Probe  
  57  7:55  Nexus  
  57  7:57  Probe, Pylon  
  59  7:58  Pylon  
  59  8:10  Probe  
  60  8:12  Pylon  
  66  8:22  Mothership Core (Chrono Boost)  
  66  8:26  Anion Pulse-Crystals (Chrono Boost)  
  69  8:32  Probe (Chrono Boost)  
  69  8:35  Pylon  
  69  8:36  Probe (Chrono Boost)  
  70  8:43  Probe  
  71  8:56  Stargate  
  71  8:57  Pylon  
  71  8:58  Pylon  
  66  9:11  Nexus  
  66  9:13  Pylon  
Show
View Real Time Build Order
Export as new Build Order

Mermich Zerg - Winner!

Build Orders: Pool First 

Get SALT Encoding   

  12  0:18  Spawning Pool  
  11  0:22  Drone  
  11  0:26  Drone  
  13  0:32  Drone  
  14  0:42  Overlord  
  14  1:06  Zergling x4  
  14  1:07  Zergling x2  
  17  1:17  Queen  
  19  1:19  Zergling x2  
  20  1:36  Hatchery  
  19  1:41  Drone  
  19  1:42  Drone  
  21  1:53  Overlord  
  19  2:18  Drone x2  
  21  2:37  Drone x2  
  21  2:38  Drone x2  
  25  2:52  Extractor  
  25  2:57  Hatchery  
  23  3:01  Hatchery  
  23  3:02  Drone x2  
  23  3:03  Drone  
  23  3:04  Queen  
  27  3:07  Drone x2, Extractor  
  27  3:09  Extractor  
  27  3:21  Overlord  
  28  4:15  Roach Warren  
  27  4:24  Hatchery  
  26  4:32  Drone x2  
  28  4:48  Overlord x2  
  28  4:49  Drone  
  28  4:50  Drone  
  28  4:52  Queen  
  30  4:58  Lair  
  32  5:30  Drone x2  
  32  5:31  Drone  
  35  5:51  Drone  
  35  5:54  Drone  
  35  5:55  Drone x16  
  53  5:58  Extractor  
  53  6:00  Extractor  
  51  6:05  Glial Reconstitution  
  51  6:12  Roach  
  51  6:13  Roach x6  
  65  6:22  Overseer  
  65  6:23  Overseer  
  65  6:28  Evolution Chamber  
  65  6:30  Evolution Chamber  
  63  6:38  Spore Crawler  
  61  7:09  Spore Crawler  
  61  7:11  Hydralisk Den  
  61  7:13  Zerg Missile Weapons Level 1, Zerg Ground Armor Level 1  
  59  7:29  Roach  
  65  7:30  Overlord, Roach x2  
  65  7:31  Overlord x5  
  65  7:45  Muscular Augments  
  65  7:49  Roach x8  
  81  8:08  Spore Crawler  
  80  8:26  Hydralisk  
  80  8:27  Hydralisk x7  
  80  8:28  Hydralisk  
  98  9:09  Overseer x2  
Tags
 
Add a new tag
Caveats
  • Supply blocks, unpowered buildings, or Contaminate may cause inaccurate times.
  • Supply counts are checked every 10 seconds.